 Dungeon Crawl Stone Soup version 0.27-a0-860-gaf99fae3ca (webtiles) character file.

Game seed: 450470287917422594

212 jasper the Slasher (level 5, -1/41 HPs)
             Began as a Demonspawn Delver on Apr 1, 2021.
             Was an Initiate of Ashenzari.
             Succumbed to a scorpion's poison
             ... on level 4 of the Dungeon.
             The game lasted 00:02:16 (946 turns).

jasper the Slasher (Demonspawn Delver)               Turns: 946, Time: 00:02:17

Health: -1/41      AC:  7    Str: 14    XL:     5   Next: 58%
Magic:  5/5        EV: 11    Int: 11    God:    Ashenzari [......]
Gold:   11         SH:  0    Dex: 14    Spells: 4/4 levels left

rFire    . . .     SeeInvis .   a - +0 falchion
rCold    . . .     Faith    .   (no shield)
rNeg     . . .     Spirit   .   f - +0 ring mail
rPois    .         Reflect  .   (no helmet)
rElec    .         Harm     .   (no cloak)
rCorr    .         Rampage  .   (no gloves)
Will     .....                  (no boots)
Stlth    ++........             (no amulet)
HPRegen  0.13/turn              (no ring)
MPRegen  0.09/turn              (no ring)

@: lethally poisoned (-1 -> -13)
A: slimy green scales 1
a: Renounce Religion


You were on level 4 of the Dungeon.
You worshipped Ashenzari.
Ashenzari was noncommittal.
You visited 1 branch of the dungeon, and saw 3 of its levels.

You collected 11 gold pieces.

Inventory:

Hand Weapons
 a - a +0 falchion (weapon)
Missiles
 h - 13 stones (quivered)
Armour
 b - a +0 leather armour
 f - a +0 ring mail (worn)
Wands
 g - a wand of digging (2)
Scrolls
 c - a scroll of fog
 d - a scroll of magic mapping
 e - a scroll of immolation
 i - a scroll of teleportation


   Skills:
 - Level 3.0 Fighting
 + Level 5.4 Long Blades
 - Level 1.7 Dodging
 - Level 4.5 Stealth


You had 4 spell levels left.
You didn't know any spells.
Your spell library was empty.

Dungeon Overview and Level Annotations

Branches:
Dungeon (6/15)
 Temple: D:4-7

Altars:
Ashenzari
Elyvilon
Zin
The Shining One

Annotations:
D:5 exclusions: jelly, scorpion and sky beast


Innate Abilities, Weirdness & Mutations

You are partially covered in slimy green scales. (AC +2)


Message History

The scorpion completely misses you. The scorpion stings you.
You are poisoned.
The scorpion poisons you!
You take 1 damage, and have 35/41 hp.
You hit the scorpion.
The scorpion is moderately wounded.
You feel very sick. The scorpion stings you.
You are more poisoned.
The scorpion poisons you!
You take 8 damage, and have 27/41 hp.
You hit the scorpion.
The scorpion is severely wounded.
You feel very sick. The scorpion closely misses you.
You take 5 damage, and have 22/41 hp.
You hit the scorpion but do no damage.
The scorpion is severely wounded.
You feel very sick. The scorpion stings you.
You take 8 damage, and have 14/41 hp.
You closely miss the scorpion.
The scorpion is severely wounded.
* * * LOW HITPOINT WARNING * * *
You feel very sick.
The scorpion stings you but does no damage.
You take 3 damage, and have 11/41 hp.
You aren't carrying any potions.
Okay, then.
You barely miss the scorpion.
The scorpion is severely wounded.
* * * LOW HITPOINT WARNING * * *
You feel sick. The scorpion stings you!
* * * LOW HITPOINT WARNING * * *
The scorpion stings you.
* * * LOW HITPOINT WARNING * * *
You take 10 damage, and have 1/41 hp.
MASSIVE DAMAGE!!
You completely miss the scorpion.
The scorpion is severely wounded.
You die...

. # . . .# ..#.
#.## ##
....##..##.##
..#.........##
..#...s......##
.......@......#
..#..##..?...##
##...#......#
#...........##
##...........#
#.............
##.##............#
..#............##
.............###


You could see a scorpion.

Vanquished Creatures
  A necrophage (D:5)
  A bullfrog zombie (D:5)
  A hound (D:5)
  A centaur skeleton (D:5)
  An iguana (D:5)
  An ufetubus (D:5)
  5 orcs
11 creatures vanquished.

Notes
Turn   | Place    | Note
-------+----------+-------------------------------------------
     0 | D:5      | jasper the Demonspawn Delver began the quest for the Orb.
     0 | D:5      | Reached XP level 1. HP: 18/18 MP: 1/1
     1 | D:6      | Noticed an ogre
     4 | D:5      | Noticed a hound
    12 | D:5      | Killed a hound
    13 | D:5      | Reached skill level 3 in Long Blades
    13 | D:5      | Gained mutation: You are partially covered in slimy green
                  | scales. (AC +2) [demonic ancestry]
    13 | D:5      | Reached XP level 2. HP: 22/24 MP: 2/2
    13 | D:5      | Reached XP level 3. HP: 26/29 MP: 3/3
   194 | D:5      | Reached skill level 4 in Long Blades
   194 | D:5      | Reached XP level 4. HP: 23/35 MP: 4/4
   540 | D:5      | Noticed a scorpion
   546 | D:5      | Found a broken altar of Ashenzari.
   551 | D:5      | Became a worshipper of Ashenzari the Shackled
   574 | D:5      | Noticed a sky beast
   602 | D:5      | Noticed a scorpion
   624 | D:5      | Noticed a necrophage
   645 | D:5      | Killed a necrophage
   646 | D:5      | Reached skill level 5 in Long Blades
   646 | D:5      | Reached XP level 5. HP: 41/41 MP: 5/5
   945 | D:4      | HP: 2/41 [scorpion (7)]
   946 | D:4      | Succumbed to a scorpion's poison

Illustrated notes

Levels and vault maps discovered:
D:4:      layout_cave_pools, nicolae_overflow_crystal_walls, bh_walls_and_bars
D:5:      layout_loops_ring, good_gods_temple_1, marbit_many_paths
D:6:      layout_basic, minmay_temple_entry_junction_2, serial_glass,
          glass_columns_a, glass_columns_b

Skill      XL: |  1  2  3  4 |
---------------+-------------+-----
Long Blades    | 3 4 5 |  5.4
Fighting       | |  3.0
Dodging        | |  1.7
Stealth        | |  4.5

Action                   |  1- 3 |  4- 6 || total
-------------------------+-------+-------++-------
Melee: Falchion          |    20 |    42 ||    62
Throw: Stone             |     1 |    15 ||    16
Evoke: Wand              |       |     1 ||     1
  Use: Potion            |     2 |     1 ||     3
       Scroll            |       |     1 ||     1
 Stab: Sleeping          |     1 |     1 ||     2
Armor: Leather armour    |     9 |     5 ||    14
       Ring mail         |       |     1 ||     1
Dodge: Dodged            |    14 |    20 ||    34
       Rpst.: Falchion   |     2 |     7 ||     9

Table legend: (Time is in decaauts)
 A = Elapsed time spent in this place.
 B = Non-inter-level travel time spent in this place.
 C = Inter-level travel time spent in this place.
 D = Time resting spent in this place.
 E = Time spent auto-exploring this place.
 F = Levels seen in this place.
 G = Mean time per level.
                   A        B        C        D        E       F      G
               +--------+--------+--------+--------+--------+-----+--------+
         Total |    951 |    951 |      0 |    385 |    321 |   3 |  317.0 |
       Dungeon |    951 |    951 |      0 |    385 |    321 |   3 |  317.0 |
               +--------+--------+--------+--------+--------+-----+--------+

Top non-repeatable levels by time:
     D:5: 910 daAuts
     D:4: 38 daAuts
     D:6: 2 daAuts
